 Dungeon Crawl Stone Soup version 0.30-a0-165-g1891117ce2 (webtiles) character file.

Game seed: 14722512948566820400

32984 qw the Cleaver (level 13, 0/82 HPs)
             Began as a Gargoyle Fighter on Sept 28, 2022.
             Was a High Priest of Okawaru.
             Slain by a six-headed hydra (8 damage)
             ... on level 5 of the Lair of Beasts.
             The game lasted 00:05:10 (14119 turns).

qw the Cleaver (Gargoyle Fighter)                  Turns: 14119, Time: 00:05:10

Health: 0/82       AC: 35    Str: 25    XL:     13   Next: 68%
Magic:  16/20      EV:  8    Int:  9    God:    Okawaru [*****.]
Gold:   895        SH: 30    Dex:  9    Spells: 12/12 levels left

rFire   . . .      SeeInvis +    k - +0 eveningstar (holy)
rCold   . . .      Faith    .    p - +18 shield of the Gong {rElec rN+ Will+ EV-5}
rNeg    + + .      Spirit   .    v - +0 plate armour
rPois   inf        Reflect  .    (no helmet)
rElec   +          Harm     .    q - +0 cloak
rCorr   .          Rampage  +    l - +2 pair of gloves
Will    +....                    o - +2 pair of boots {rampage}
Stlth   ..........               (no amulet)
HPRegen 0.23/turn                j - +4 ring of evasion
MPRegen 0.17/turn                m - ring of see invisible

@: heroic, finesse-ful
A: sickness immunity, AC +9, negative energy resistance 1, electricity
resistance, torment resistance 1, petrification resistance
a: Renounce Religion, Heroism, Finesse, Duel


You were on level 5 of the Lair of Beasts.
You worshipped Okawaru.
Okawaru was extremely pleased with you.
You visited 3 branches of the dungeon, and saw 14 of its levels.

You collected 1063 gold pieces.
You spent 168 gold pieces at shops.


Innate Abilities, Weirdness & Mutations

You are immune to sickness and miasma.
Your stone body is resilient. (AC +9)
You are immune to poison.
You resist negative energy. (rN+)
You are resistant to electric shocks. (rElec)
You are resistant to unholy torment.
You are immune to petrification.


   Skills:
 - Level 10.0(15.0) Fighting
 - Level 13.0(18.0) Axes
 - Level 4.0(9.0) Throwing
 + Level 9.3(14.3) Armour
 - Level 2.4(7.4) Dodging
 - Level 11.0(16.0) Shields
 - Level 10.0 Invocations


You had 12 spell levels left.
You didn't know any spells.
Your spell library was empty.

Inventory:

Hand Weapons
 k - a +0 eveningstar of holy wrath (weapon)
 Y - a +5 war axe
Missiles
 s - 4 javelins (quivered)
Armour
 l - a +2 pair of gloves (worn)
 o - a +2 pair of boots of rampaging (worn)
 p - the +18 shield of the Gong (worn) {rElec rN+ Will+ EV-5}
   (You found it on level 4 of the Lair of Beasts)

   It is deafeningly noisy when blocking attacks.
   EV:        It affects your evasion (-5).
   rElec:     It insulates you from electricity.
   rN:        It protects you from negative energy.
   Will:      It increases your willpower.
 q - a +0 cloak (worn)
 u - +0 acid dragon scales
 v - a +0 plate armour (worn)
Jewellery
 b - a ring of ice
 e - a ring of fire
 j - a +4 ring of evasion (left hand)
 m - a ring of see invisible (right hand)
 w - a ring of resist corrosion
Scrolls
 a - 9 scrolls of identify
Potions
 d - 3 potions of might
 f - 6 potions of curing
 g - 5 potions of lignification
 h - a potion of mutation
 i - 3 potions of haste
 n - a potion of cancellation
 r - a potion of attraction
 t - a potion of resistance

Dungeon Overview and Level Annotations

Branches:
Dungeon (8/15)             Temple (1/1) D:7            Lair (5/5) D:8
  Swamp (0/4) Lair:2        Snake (0/4) Lair:3        Slime (0/5) Lair:4

Altars:
Ashenzari
Cheibriados
Dithmenos
Elyvilon
Fedhas
Gozag
Kikubaaqudgha
Makhleb
Nemelex Xobeh
Okawaru
Qazlal
Ru
Sif Muna
Trog
Vehumet
Wu Jian
Xom
Yredelemnul
Zin
The Shining One
Jiyva

Shops:
D:5 *

Annotations:
D:2 1 runed translucent door, Crazy Yiuf
D:8 2 transporters
Lair:2 3 runed translucent doors, Zoobame's ghost, journeyman DEHW; qw's ghost, journeyman GrFi
Lair:4 1 runed translucent door


Message History

You hit the elephant. You slash the elephant! You slash the blink frog!
14115 ||| SWAPPING to +0 eveningstar of holy wrath.
Your +0 eveningstar of holy wrath softly glows with a divine radiance!
k - a +0 eveningstar of holy wrath (weapon)
You block the blink frog's attack.
GONNNNG!
You block the elephant's attack.
GONNNNG!
You block the elephant's attack.
PTOANNNG!
The wolf bites you but does no damage. The blink frog barely misses you.
You hear a howl! x2; You hear a bellow! x3; You hear an angry growl. x2
You puncture the blink frog!
You kill the blink frog!
Okawaru accepts your kill.
You impale the elephant!!
The elephant is almost dead.
The blink frog blinks!
You block the elephant's attack.
GONNNNG!
You block the elephant's attack.
PTOANNNG!
You hear a bellow!
You hear a shout! x2
You barely miss the elephant.
The elephant is almost dead.
You impale the elephant!!
You kill the elephant!
Okawaru accepts your kill.
The wolf is no longer petrified.
The yak gores you but does no damage. You block the elephant's attack.
GONNNNG!
You block the elephant's attack.
PTOANNNG!
You block the elephant's attack.
GONNNNG!
The elephant trunk-slaps you but does no damage.
You block the spriggan rider's attack.
GONNNNG!
The six-headed hydra bites you but does no damage.
The six-headed hydra bites you. The six-headed hydra barely misses you.
The six-headed hydra bites you! x2
You die...

........F#.
........P.
........hP .
......... .P.
......P.. P...
......7.7 77.P...
.....hhh777..77P..
.....YhhD@YY......
.7....YYYYYF.....#
.......Yii.......#
.P................
.................P
........~.<..~~..P
........~~~~~~~..#
.......~~~~~~~~~.P
.......~~~~~~~~Y..


You could see a six-headed hydra, 4 elephants, a spriggan rider, 5 yaks, a blink
frog, a black bear, a spriggan and 4 wolves.

Vanquished Creatures
  Rupert (Lair:3)
  A hydra (Lair:3)
  A catoblepas (Lair:5)
  Urug (Lair:4)
  3 death yaks (Lair:4)
  2 bog bodies (Lair:2)
  A wolf spider (Lair:1)
  23 elephants
  3 black mambas
  7 cane toads
  3 rime drakes
  11 komodo dragons
  3 polar bears
  A hornet (Lair:4)
  2 blink frogs (Lair:5)
  27 yaks
  6 wyverns
  4 basilisks
  A steam dragon (D:7)
  Edmund (D:5)
  3 nagas (Lair:3)
  An acid dragon (D:8)
  9 water moccasins
  An ice beast (D:5)
  A sky beast (D:6)
  4 black bears
  23 wolves
  A phantom (D:5)
  A kobold brigand (D:8)
  9 bullfrogs
  2 scorpions
  A necrophage (D:6)
  13 wights
  3 killer bees (D:8)
  4 howler monkeys
  4 hounds
  A gnoll bouda (D:4)
  An iguana (D:7)
  Natasha (twice) (D:2)
  3 orc wizards
  8 adders
  4 gnolls
  A shadow imp (D:6)
  An ufetubus (D:7)
  3 worms
  5 dart slugs
  10 orcs
  10 ball pythons
  5 bats
  10 endoplasms
  3 giant cockroaches
  9 goblins
  9 hobgoblins
  4 jackals (D:5)
  10 kobolds
  7 quokkas
  5 frilled lizards
  7 rats
300 creatures vanquished.

Vanquished Creatures (others)
  19 bushes
  10 fungi
  33 plants
  3 toadstools (D:5)
65 creatures vanquished.

Grand Total: 365 creatures vanquished

Notes
Turn   | Place    | Note
-------+----------+-------------------------------------------
     0 | D:1      | qw the Gargoyle Fighter began the quest for the Orb.
     0 | D:1      | Reached XP level 1. HP: 14/14 MP: 1/1
     0 | D:1      | 0 ||| qw: Version: 0.2-a-12-gaebbb33
     0 | D:1      | 0 ||| qw: Game counter: 933
     0 | D:1      | 0 ||| qw: Always use a shield: true
     0 | D:1      | 0 ||| qw: God list: Okawaru
     0 | D:1      | 0 ||| qw: Allow faded altars: false
     0 | D:1      | 0 ||| qw: Do Orc after D:15 true
     0 | D:1      | 0 ||| qw: Do second Lair branch before Depths: true
     0 | D:1      | 0 ||| qw: Lair rune preference: random
     0 | D:1      | 0 ||| qw: Plans: Normal, Zot:1-4, God:TSO, Crypt, Tomb,
                  | Pan, Slime:5, Hells, Abyss, Orb
     0 | D:1      | 0 ||| PLANNING D:1-11
   161 | D:1      | Reached skill level 2 in Axes
   312 | D:1      | 312 ||| Stepping ~*~*~tactically~*~*~ (stealth).
   314 | D:1      | Reached XP level 2. HP: 19/19 MP: 2/2
   317 | D:1      | 317 ||| Stepping ~*~*~tactically~*~*~ (stealth).
   394 | D:1      | 394 ||| Stepping ~*~*~tactically~*~*~ (stealth).
   421 | D:1      | 421 ||| Stepping ~*~*~tactically~*~*~ (stealth).
   470 | D:1      | 470 ||| Stepping ~*~*~tactically~*~*~ (stealth).
   489 | D:1      | Reached skill level 3 in Axes
   513 | D:1      | 513 ||| Stepping ~*~*~tactically~*~*~ (hiding).
   521 | D:1      | Reached XP level 3. HP: 21/23 MP: 3/3
   551 | D:1      | 551 ||| Stepping ~*~*~tactically~*~*~ (hiding).
   833 | D:1      | 833 ||| DROPPING +0 club.
  1095 | D:1      | 1095 ||| UPGRADING to +4 ring of evasion.
  1096 | D:1      | 1096 ||| READING 3 scrolls labelled WACISHR NEIDAL.
  1097 | D:1      | 1097 ||| READING scroll labelled NAGEOTWAS.
  1098 | D:1      | 1098 ||| DROPPING 2 scrolls of poison.
  1128 | D:2      | 1128 ||| STAIRDANCE
  1183 | D:2      | Reached XP level 4. HP: 28/28 MP: 4/4
  1207 | D:2      | Noticed Natasha
  1218 | D:2      | Killed Natasha
  1219 | D:2      | Reached skill level 4 in Axes
  1321 | D:2      | 1321 ||| FLEEEEING.
  1639 | D:2      | 1639 ||| DROPPING +0 whip.
  1678 | D:2      | Noticed Natasha
  1679 | D:2      | 1679 ||| Stepping ~*~*~tactically~*~*~ (stealth).
  1688 | D:2      | Killed Natasha
  1689 | D:2      | Reached XP level 5. HP: 26/32 MP: 5/5
  1719 | D:2      | 1719 ||| Stepping ~*~*~tactically~*~*~ (stealth).
  1721 | D:2      | 1721 ||| Stepping ~*~*~tactically~*~*~ (stealth).
  1725 | D:2      | 1725 ||| Stepping ~*~*~tactically~*~*~ (stealth).
  1728 | D:2      | 1728 ||| Stepping ~*~*~tactically~*~*~ (stealth).
  1733 | D:2      | 1733 ||| Stepping ~*~*~tactically~*~*~ (stealth).
  1734 | D:2      | 1734 ||| Stepping ~*~*~tactically~*~*~ (stealth).
  1735 | D:2      | 1735 ||| Stepping ~*~*~tactically~*~*~ (stealth).
  1738 | D:2      | 1738 ||| Stepping ~*~*~tactically~*~*~ (stealth).
  1786 | D:2      | Found a faded altar of an unknown god.
  1819 | D:2      | You fall into a shaft and drop 2 floors!
  1826 | D:4      | 1826 ||| Stepping ~*~*~tactically~*~*~ (stealth).
  1827 | D:4      | 1827 ||| Stepping ~*~*~tactically~*~*~ (stealth).
  1902 | D:4      | 1902 ||| READING scroll labelled WUSCHY HOEKH.
  1903 | D:4      | 1903 ||| READING 2 scrolls labelled QELI VOGAG.
  1904 | D:4      | 1904 ||| READING scroll labelled RUPOT XEKLOA.
  1908 | D:4      | 1908 ||| READING scroll labelled BASE SOLUX.
  1909 | D:4      | 1909 ||| DRINKING 2 fizzy red potions.
  1910 | D:4      | 1910 ||| DROPPING scroll of immolation.
  2012 | D:4      | 2012 ||| FLEEEEING.
  2013 | D:4      | 2013 ||| FLEEEEING.
  2014 | D:4      | 2014 ||| FLEEEEING.
  2016 | D:4      | 2016 ||| FLEEEEING.
  2017 | D:4      | 2017 ||| FLEEEEING.
  2018 | D:4      | 2018 ||| STAIRDANCE
  2047 | D:3      | Reached skill level 5 in Axes
  2124 | D:2      | Found a runed translucent door.
  2125 | D:2      | Noticed Crazy Yiuf
  2324 | D:2      | 2324 ||| READING scroll labelled SIMIBIUWNI.
  2325 | D:2      | 2325 ||| DRINKING 2 murky sapphire potions.
  2326 | D:2      | 2326 ||| READING 2 scrolls of identify.
  2326 | D:2      | 2326 ||| IDENTIFYING bubbling orange potion
  2365 | D:3      | Found a sacrificial altar of Ru.
  2366 | D:3      | 2366 ||| Stepping ~*~*~tactically~*~*~ (hiding).
  2369 | D:3      | 2369 ||| Stepping ~*~*~tactically~*~*~ (hiding).
  2550 | D:3      | 2550 ||| Stepping ~*~*~tactically~*~*~ (stealth).
  2561 | D:3      | 2561 ||| Stepping ~*~*~tactically~*~*~ (stealth).
  2845 | D:3      | Reached XP level 6. HP: 33/38 MP: 6/6
  2886 | D:3      | Found a shadowy altar of Dithmenos.
  3232 | D:3      | 3232 ||| UPGRADING to +0 pair of gloves.
  3237 | D:3      | 3237 ||| READING 2 scrolls of identify.
  3237 | D:3      | 3237 ||| IDENTIFYING fuming cyan potion
  3238 | D:3      | 3238 ||| DROPPING potion of degeneration.
  3277 | D:4      | Reached skill level 1 in Dodging
  3606 | D:4      | 3606 ||| Stepping ~*~*~tactically~*~*~ (hiding).
  3632 | D:4      | HP: 6/38 [gnoll/+0 flail[a gnoll bouda] (5)]
  3633 | D:4      | 3633 ||| READING scroll of teleportation.
  3641 | D:4      | 3641 ||| FLEEEEING.
  3642 | D:4      | 3642 ||| FLEEEEING.
  3643 | D:4      | 3643 ||| FLEEEEING.
  3644 | D:4      | 3644 ||| FLEEEEING.
  3649 | D:4      | 3649 ||| FLEEEEING.
  3650 | D:4      | 3650 ||| FLEEEEING.
  3651 | D:4      | 3651 ||| FLEEEEING.
  3652 | D:4      | 3652 ||| FLEEEEING.
  3653 | D:4      | 3653 ||| FLEEEEING.
  3654 | D:4      | 3654 ||| FLEEEEING.
  3657 | D:4      | 3657 ||| FLEEEEING.
  3658 | D:4      | 3658 ||| FLEEEEING.
  3659 | D:4      | 3659 ||| FLEEEEING.
  3660 | D:4      | 3660 ||| FLEEEEING.
  3661 | D:4      | 3661 ||| FLEEEEING.
  3662 | D:4      | 3662 ||| STAIRDANCE
  3892 | D:3      | 3892 ||| DROPPING amulet of magic regeneration.
  3893 | D:3      | 3893 ||| READING scroll labelled GUGELEV XAIX.
  3894 | D:3      | 3894 ||| DRINKING 2 cyan potions.
  3895 | D:3      | 3895 ||| READING 2 scrolls of identify.
  3895 | D:3      | 3895 ||| IDENTIFYING puce potion
  3896 | D:3      | 3896 ||| DROPPING potion of flight.
  3902 | D:4      | 3902 ||| STAIRDANCE
  4164 | D:4      | 4164 ||| READING scroll labelled JATI DUGONUMU.
  4175 | D:4      | 4175 ||| READING 2 scrolls of identify.
  4175 | D:4      | 4175 ||| IDENTIFYING viscous emerald potion
  4186 | D:5      | Entered Level 5 of the Dungeon
  4224 | D:5      | Noticed a black bear
  4231 | D:5      | Killed a black bear
  4232 | D:5      | Reached skill level 6 in Axes
  4232 | D:5      | Reached XP level 7. HP: 40/43 MP: 7/7
  4474 | D:5      | Noticed Edmund
  4475 | D:5      | 4475 ||| Stepping ~*~*~tactically~*~*~ (stealth).
  4476 | D:5      | 4476 ||| Stepping ~*~*~tactically~*~*~ (stealth).
  4480 | D:5      | 4480 ||| Stepping ~*~*~tactically~*~*~ (stealth).
  4491 | D:5      | HP: 10/43 [Edmund/+4 vorpal flail (2)]
  4492 | D:5      | 4492 ||| DRINKING potion of heal wounds.
  4494 | D:5      | Killed Edmund
  4495 | D:5      | Reached skill level 7 in Axes
  4601 | D:5      | 4601 ||| DROPPING +0 flail.
  4799 | D:5      | Found Rufug's Assorted Antiques.
  4804 | D:5      | 4804 ||| BUYING potion of curing (84 gold).
  4804 | D:5      | Bought a potion of curing for 84 gold pieces
  4804 | D:5      | 4804 ||| BUYING scroll labelled BIYCRA OWEJOICW (28 gold).
  4804 | D:5      | Bought a scroll labelled BIYCRA OWEJOICW for 28 gold pieces
  4804 | D:5      | 4804 ||| BUYING scroll of identify (56 gold).
  4804 | D:5      | Bought a scroll of identify for 56 gold pieces
  4913 | D:5      | 4913 ||| UPGRADING to +0 chain mail.
  4923 | D:5      | 4923 ||| DROPPING +0 scale mail.
  4924 | D:5      | 4924 ||| READING scroll labelled BIYCRA OWEJOICW.
  4925 | D:5      | 4925 ||| READING scroll labelled SUNUSI DEAWIO.
  4926 | D:5      | 4926 ||| READING 2 scrolls of identify.
  4926 | D:5      | 4926 ||| IDENTIFYING amethyst potion
  4927 | D:5      | 4927 ||| DROPPING potion of magic.
  4989 | D:6      | Reached skill level 1 in Throwing
  4989 | D:6      | Reached XP level 8. HP: 47/49 MP: 8/8
  5129 | D:6      | Found a bloodstained altar of Trog.
  5629 | D:6      | 5629 ||| READING scroll labelled XECEGOUDAN.
  5691 | D:6      | 5691 ||| DRINKING 2 golden potions.
  5803 | D:7      | Found a staircase to the Ecumenical Temple.
  5804 | D:7      | 5804 ||| PLANNING TEMPLE
  5809 | Temple   | Entered the Ecumenical Temple
  5876 | Temple   | 5876 ||| PLANNING OKAWARU WORSHIP
  6110 | Temple   | Became a worshipper of Warmaster Okawaru
  6111 | Temple   | 6111 ||| PLANNING D:1-11
  6240 | D:7      | 6240 ||| FLEEEEING.
  6245 | D:7      | 6245 ||| FLEEEEING.
  6246 | D:7      | 6246 ||| FLEEEEING.
  6247 | D:7      | 6247 ||| FLEEEEING.
  6248 | D:7      | 6248 ||| FLEEEEING.
  6249 | D:7      | 6249 ||| FLEEEEING.
  6250 | D:7      | 6250 ||| Stepping ~*~*~tactically~*~*~ (cloud).
  6322 | D:7      | 6322 ||| Stepping ~*~*~tactically~*~*~ (hiding).
  6327 | D:7      | 6327 ||| Stepping randomly (cloudy).
  6332 | D:7      | Reached skill level 8 in Axes
  6488 | D:7      | Noticed a wyvern
  6497 | D:7      | HP: 11/49 [wyvern (13)]
  6498 | D:7      | Killed a wyvern
  6499 | D:7      | Reached skill level 6 in Fighting
  6749 | D:7      | Reached * piety under Okawaru
  6839 | D:7      | Reached skill level 1 in Invocations
  7021 | D:7      | Reached XP level 9. HP: 50/55 MP: 10/10
  7572 | D:7      | 7572 ||| UPGRADING to +0 cloak.
  7577 | D:7      | 7577 ||| UPGRADING to ring of see invisible.
  7633 | D:8      | Found a transporter.
  7640 | D:8      | Found a transporter.
  7642 | D:8      | Noticed a troll
  7644 | D:8      | 7644 ||| DROPPING +1 whip of electrocution.
  7654 | D:8      | 7654 ||| Stepping ~*~*~tactically~*~*~ (stealth).
  7664 | D:8      | Reached skill level 3 in Invocations
  7684 | D:8      | 7684 ||| Stepping ~*~*~tactically~*~*~ (stealth).
  7696 | D:8      | 7696 ||| INVOKING Heroism.
  7700 | D:8      | Reached skill level 9 in Axes
  7817 | D:8      | 7817 ||| INVOKING Heroism.
  7818 | D:8      | Reached ** piety under Okawaru
  7906 | D:8      | 7906 ||| FLEEEEING.
  7907 | D:8      | 7907 ||| FLEEEEING.
  7908 | D:8      | 7908 ||| FLEEEEING.
  7909 | D:8      | 7909 ||| FLEEEEING.
  7910 | D:8      | 7910 ||| FLEEEEING.
  7911 | D:8      | 7911 ||| FLEEEEING.
  7912 | D:8      | 7912 ||| FLEEEEING.
  7913 | D:8      | 7913 ||| FLEEEEING.
  7914 | D:8      | 7914 ||| FLEEEEING.
  7915 | D:8      | 7915 ||| FLEEEEING.
  7916 | D:8      | 7916 ||| FLEEEEING.
  7917 | D:8      | 7917 ||| FLEEEEING.
  7919 | D:8      | 7919 ||| FLEEEEING.
  7920 | D:8      | 7920 ||| FLEEEEING.
  7921 | D:8      | 7921 ||| STAIRDANCE
  7922 | D:8      | 7922 ||| FLEEEEING.
  7923 | D:8      | 7923 ||| FLEEEEING.
  7924 | D:8      | 7924 ||| FLEEEEING.
  7925 | D:8      | 7925 ||| FLEEEEING.
  7926 | D:8      | 7926 ||| FLEEEEING.
  7927 | D:8      | 7927 ||| FLEEEEING.
  7928 | D:8      | 7928 ||| FLEEEEING.
  7929 | D:8      | 7929 ||| FLEEEEING.
  7930 | D:8      | 7930 ||| FLEEEEING.
  7931 | D:8      | 7931 ||| FLEEEEING.
  7932 | D:8      | 7932 ||| FLEEEEING.
  7933 | D:8      | 7933 ||| FLEEEEING.
  7934 | D:8      | 7934 ||| FLEEEEING.
  7935 | D:8      | 7935 ||| FLEEEEING.
  7936 | D:8      | 7936 ||| FLEEEEING.
  7937 | D:8      | 7937 ||| STAIRDANCE
  8012 | D:8      | 8012 ||| STAIRDANCE
  8154 | D:8      | 8154 ||| Stepping ~*~*~tactically~*~*~ (stealth).
  8173 | D:8      | 8173 ||| Stepping ~*~*~tactically~*~*~ (hiding).
  8214 | D:8      | 8214 ||| Stepping ~*~*~tactically~*~*~ (stealth).
  8224 | D:8      | 8224 ||| FLEEEEING.
  8228 | D:8      | 8228 ||| INVOKING Heroism.
  8237 | D:8      | HP: 9/57 [wight/+0 halberd (8)]
  8547 | D:8      | 8547 ||| INVOKING Heroism.
  8559 | D:8      | Reached *** piety under Okawaru
  8560 | D:8      | Reached skill level 10 in Axes
  8560 | D:8      | Reached XP level 10. HP: 43/63 MP: 11/13
  8802 | D:8      | 8802 ||| SWAPPING to +5 war axe.
  8803 | D:8      | 8803 ||| DROPPING +1 vorpal war axe.
  9019 | D:8      | 9019 ||| Stepping ~*~*~tactically~*~*~ (hiding).
  9023 | D:8      | 9023 ||| Stepping ~*~*~tactically~*~*~ (hiding).
  9031 | D:8      | 9031 ||| INVOKING Heroism.
  9067 | D:8      | 9067 ||| FLEEEEING.
  9113 | D:8      | Found a staircase to the Lair.
  9348 | D:8      | 9348 ||| PLANNING LAIR
  9348 | D:8      | 9348 ||| DROPPING ring of wizardry.
  9349 | D:8      | 9349 ||| READING scroll labelled UTAAM JAHE.
  9350 | D:8      | 9350 ||| READING scroll labelled VOEDWI YDYEPH.
  9350 | D:8      | Identified a scroll of acquirement
  9350 | D:8      | 9350 ||| ACQUIRING +2 pair of boots of rampaging
  9350 | D:8      | Acquired a +2 pair of boots of rampaging
  9352 | D:8      | 9352 ||| UPGRADING to +2 pair of boots of rampaging.
  9454 | Lair:1   | Entered Level 1 of the Lair of Beasts
  9455 | Lair:1   | 9455 ||| INVOKING Heroism.
  9460 | Lair:1   | Reached skill level 6 in Armour
  9574 | Lair:1   | 9574 ||| INVOKING Heroism.
  9785 | Lair:1   | 9785 ||| Stepping ~*~*~tactically~*~*~ (stealth).
  9793 | Lair:1   | Noticed a wolf spider
  9847 | Lair:1   | 9847 ||| Stepping ~*~*~tactically~*~*~ (stealth).
  9860 | Lair:1   | 9860 ||| Stepping ~*~*~tactically~*~*~ (stealth).
  9888 | Lair:1   | 9888 ||| Stepping ~*~*~tactically~*~*~ (stealth).
  9891 | Lair:1   | 9891 ||| INVOKING Heroism.
  9900 | Lair:1   | Killed a wolf spider
  9966 | Lair:1   | 9966 ||| Stepping ~*~*~tactically~*~*~ (stealth).
 10038 | Lair:1   | Reached **** piety under Okawaru
 10039 | Lair:1   | Reached skill level 11 in Axes
 10040 | Lair:1   | 10040 ||| INVOKING Heroism.
 10489 | Lair:1   | 10489 ||| READING scroll labelled BUOMAIT BEOWE.
 10490 | Lair:1   | 10490 ||| READING scroll labelled TAVVOFF ZULUJA.
 10491 | Lair:1   | 10491 ||| READING 7 scrolls of identify.
 10491 | Lair:1   | 10491 ||| IDENTIFYING lumpy clear potion
 10519 | Lair:2   | 10519 ||| Stepping ~*~*~tactically~*~*~ (stealth).
 10520 | Lair:2   | 10520 ||| INVOKING Heroism.
 10546 | Lair:2   | Reached skill level 9 in Fighting
 10549 | Lair:2   | Reached XP level 11. HP: 55/71 MP: 14/14
 10628 | Lair:2   | 10628 ||| Stepping ~*~*~tactically~*~*~ (stealth).
 10629 | Lair:2   | 10629 ||| Stepping ~*~*~tactically~*~*~ (stealth).
 10648 | Lair:2   | 10648 ||| Stepping ~*~*~tactically~*~*~ (stealth).
 10651 | Lair:2   | 10651 ||| INVOKING Heroism.
 10665 | Lair:2   | Reached skill level 6 in Invocations
 10670 | Lair:2   | Received a gift from Okawaru
 10678 | Lair:2   | 10678 ||| INVOKING Heroism.
 10684 | Lair:2   | HP: 13/71 [yak (7)]
 10685 | Lair:2   | 10685 ||| DRINKING potion of heal wounds.
 10687 | Lair:2   | Reached ***** piety under Okawaru
 10689 | Lair:2   | Noticed a bog body
 10693 | Lair:2   | Noticed a bog body
 10698 | Lair:2   | Killed a bog body
 10702 | Lair:2   | Killed a bog body
 10728 | Lair:2   | 10728 ||| FLEEEEING.
 10744 | Lair:2   | 10744 ||| INVOKING Heroism.
 11034 | Lair:2   | Found a staircase to the Swamp.
 11115 | Lair:2   | Found a runed translucent gate.
 11116 | Lair:2   | Found a runed translucent gate.
 11116 | Lair:2   | Noticed qw's ghost (journeyman GrFi)
 11117 | Lair:2   | Found a runed translucent gate.
 11117 | Lair:2   | Noticed qw's ghost (journeyman GrFi)
 11118 | Lair:2   | Noticed Zoobame's ghost (journeyman DEHW)
 11118 | Lair:2   | Noticed qw's ghost (journeyman GrFi)
 11511 | Lair:2   | 11511 ||| UPGRADING to +0 plate armour.
 11521 | Lair:2   | 11521 ||| DROPPING +0 chain mail.
 11522 | Lair:2   | 11522 ||| READING 6 scrolls of identify.
 11522 | Lair:2   | 11522 ||| IDENTIFYING fizzy ruby potion
 11547 | Lair:3   | 11547 ||| INVOKING Heroism.
 11548 | Lair:3   | 11548 ||| STAIRDANCE
 11621 | Lair:3   | 11621 ||| STAIRDANCE
 11675 | Lair:3   | 11675 ||| INVOKING Heroism.
 11680 | Lair:3   | Received a gift from Okawaru
 11684 | Lair:3   | Reached skill level 3 in Throwing
 11758 | Lair:3   | 11758 ||| Stepping ~*~*~tactically~*~*~ (hiding).
 11763 | Lair:3   | Noticed Rupert
 11764 | Lair:3   | 11764 ||| INVOKING Heroism.
 11765 | Lair:3   | 11765 ||| INVOKING Finesse.
 11788 | Lair:3   | Paralysed by Rupert for 4 turns
 11796 | Lair:3   | Killed Rupert
 11797 | Lair:3   | Reached skill level 9 in Invocations
 11797 | Lair:3   | Reached XP level 12. HP: 40/76 MP: 12/18
 11807 | Lair:3   | 11807 ||| INVOKING Heroism.
 12017 | Lair:3   | Found a staircase to the Snake Pit.
 12018 | Lair:3   | 12018 ||| Stepping ~*~*~tactically~*~*~ (hiding).
 12028 | Lair:3   | 12028 ||| Stepping ~*~*~tactically~*~*~ (hiding).
 12107 | Lair:3   | 12107 ||| INVOKING Heroism.
 12251 | Lair:3   | 12251 ||| INVOKING Heroism.
 12301 | Lair:3   | 12301 ||| Stepping ~*~*~tactically~*~*~ (stealth).
 12317 | Lair:3   | 12317 ||| INVOKING Heroism.
 12319 | Lair:3   | Reached skill level 12 in Axes
 12335 | Lair:3   | Identified the +0 chain mail of the Distant Future {Will+
                  | Int+6} (Okawaru gifted it to you on level 3 of the Lair of
                  | Beasts)
 12335 | Lair:3   | Received a gift from Okawaru
 12344 | Lair:3   | Reached skill level 9 in Armour
 12527 | Lair:3   | 12527 ||| Stepping ~*~*~tactically~*~*~ (stealth).
 12532 | Lair:3   | 12532 ||| Stepping ~*~*~tactically~*~*~ (stealth).
 12536 | Lair:3   | 12536 ||| Stepping ~*~*~tactically~*~*~ (stealth).
 12540 | Lair:3   | 12540 ||| Stepping ~*~*~tactically~*~*~ (stealth).
 12557 | Lair:3   | 12557 ||| Stepping ~*~*~tactically~*~*~ (stealth).
 12571 | Lair:3   | Reached skill level 6 in Shields
 12631 | Lair:3   | 12631 ||| INVOKING Heroism.
 12741 | Lair:3   | Noticed a seven-headed hydra
 12742 | Lair:3   | 12742 ||| INVOKING Heroism.
 12743 | Lair:3   | 12743 ||| INVOKING Finesse.
 12745 | Lair:3   | 12745 ||| SWAPPING to +4 vorpal flail.
 12753 | Lair:3   | Killed a seven-headed hydra
 12754 | Lair:3   | 12754 ||| SWAPPING to +5 war axe.
 12872 | Lair:3   | 12872 ||| INVOKING Heroism.
 12982 | Lair:3   | 12982 ||| INVOKING Heroism.
 13128 | Lair:3   | 13128 ||| UPGRADING to +2 pair of gloves.
 13138 | Lair:3   | 13138 ||| DROPPING +0 pair of gloves.
 13139 | Lair:3   | 13139 ||| DROPPING +0 chain mail of the Distant Future
                  | {Will+ Int+6}.
 13284 | Lair:4   | Found a runed translucent door.
 13285 | Lair:4   | Found a viscous altar of Jiyva.
 13287 | Lair:4   | Found a staircase to the Slime Pits.
 13325 | Lair:4   | Found the +18 shield of the Gong {rElec rN+ Will+ EV-5}
 13328 | Lair:4   | Noticed Urug
 13329 | Lair:4   | 13329 ||| INVOKING Heroism.
 13330 | Lair:4   | 13330 ||| INVOKING Finesse.
 13344 | Lair:4   | Killed Urug
 13383 | Lair:4   | 13383 ||| DROPPING +4 vorpal flail.
 13445 | Lair:4   | Noticed a death yak
 13445 | Lair:4   | Noticed a death yak
 13446 | Lair:4   | 13446 ||| INVOKING Heroism.
 13446 | Lair:4   | Noticed a death yak
 13447 | Lair:4   | 13447 ||| INVOKING Finesse.
 13463 | Lair:4   | Killed a death yak
 13464 | Lair:4   | Killed a death yak
 13470 | Lair:4   | Killed a death yak
 13471 | Lair:4   | Reached skill level 13 in Axes
 13482 | Lair:4   | Reached XP level 13. HP: 63/82 MP: 14/20
 13971 | Lair:4   | 13971 ||| UPGRADING to +18 shield of the Gong {rElec rN+
                  | Will+ EV-5}.
 13981 | Lair:4   | 13981 ||| DROPPING +0 buckler.
 13982 | Lair:4   | 13982 ||| READING scroll labelled NEOSO OKOTEAM.
 13983 | Lair:4   | 13983 ||| DROPPING scroll of silence.
 14002 | Lair:5   | Entered Level 5 of the Lair of Beasts
 14008 | Lair:5   | 14008 ||| Stepping ~*~*~tactically~*~*~ (stealth).
 14010 | Lair:5   | 14010 ||| Stepping ~*~*~tactically~*~*~ (stealth).
 14013 | Lair:5   | 14013 ||| INVOKING Heroism.
 14045 | Lair:5   | 14045 ||| INVOKING Heroism.
 14054 | Lair:5   | Reached skill level 9 in Shields
 14063 | Lair:5   | Received a gift from Okawaru
 14072 | Lair:5   | 14072 ||| INVOKING Finesse.
 14084 | Lair:5   | Identified the +1 cloak of the Endless Expanse {rF- Int+4
                  | Dex+2} (Okawaru gifted it to you on level 5 of the Lair of
                  | Beasts)
 14084 | Lair:5   | Received a gift from Okawaru
 14110 | Lair:5   | 14110 ||| INVOKING Heroism.
 14110 | Lair:5   | HP: 16/82 [elephant (8)]
 14115 | Lair:5   | 14115 ||| SWAPPING to +0 eveningstar of holy wrath.
 14119 | Lair:5   | HP: 15/82 [six-headed hydra (2)]
 14119 | Lair:5   | Slain by a six-headed hydra

Levels and vault maps discovered:
D:1:      minmay_arrival_stone_box, layout_basic
D:2:      layout_rooms, hellmonk_ecumenical_altar_lost_god, uniq_natasha,
          uniq_crazy_yiuf_cottage
D:3:      layout_basic, nicolae_ru_great_annihilating_truth,
          mainiacjoe_overflow_boulevard
D:4:      layout_basic
D:5:      layout_rooms, serial_shops, kennysheep_little_box,
          minmay_gold_behind_fungi, uniq_edmund
D:6:      layout_basic, bloody_trog
D:7:      layout_basic, minmay_temple_entry_nine_rooms
D:8:      gammafunk_beogh_shrine, layout_basic, erik_lair_dragon
Temple:   minmay_temple_bridge_d
Lair:1:   layout_gridlike, nicolae_lair_run_with_the_wolves
Lair:2:   layout_misc_corridors, skrybe_swamp_entry_bodies,
          gammafunk_ghost_cemetery
Lair:3:   layout_misc_corridors, guppyfry_snake_entry_garden,
          chequers_serial_rivers_micro_c, minmay_hedge_maze,
          beast_lair_carwin_5, uniq_rupert
Lair:4:   layout_long_grid, slime_entry_2, uniq_urug
Lair:5:   minmay_lair_end_enchanted_forest, layout_long_grid, serial_forest,
          infiniplex_forest_clump_tiny, infiniplex_forest_clump_long,
          infiniplex_forest_straight_4, infiniplex_forest_clump_C,
          infiniplex_forest_clump_small, infiniplex_forest_zigzag_2,
          infiniplex_forest_zigzag_1, infiniplex_forest_clump_large,
          infiniplex_staircase_pool

Skill      XL: |  1  2  3  4  5  6  7  8  9 10 11 12 13 |
---------------+----------------------------------------+-----
Axes           | 2 3 4 5 6 7 8 10 11 13 | 13.0
Fighting       | 4 5 6 7 9 10 | 10.0
Dodging        | 1 2 |  2.4
Throwing       | 1 3 4 |  4.0
Armour         | 4 5 6 7 9 |  9.3
Invocations    | 2 4 5 9 10 | 10.0
Shields        | 4 5 6 11 | 11.0

Action                   |  1- 3 |  4- 6 |  7- 9 | 10-12 | 13-15 || total
-------------------------+-------+-------+-------+-------+-------++-------
Melee: War axe           |   104 |   171 |   254 |   411 |    99 ||  1039
       Flail             |       |       |       |     8 |       ||     8
       Eveningstar       |       |       |       |       |     4 ||     4
Throw: Boomerang         |       |    18 |    43 |       |       ||    61
       Javelin           |       |       |       |    15 |     4 ||    19
Invok: Heroism           |       |       |     4 |    22 |     3 ||    29
       Finesse           |       |       |       |     4 |     1 ||     5
  Use: Scroll            |     2 |    12 |     4 |     6 |     1 ||    25
       Potion            |       |     3 |     2 |     1 |       ||     6
 Stab: Invisible         |       |     1 |       |       |       ||     1
       Petrified         |       |       |       |       |     2 ||     2
       Petrifying        |       |       |       |       |     1 ||     1
Armor: Scale mail        |    52 |    65 |    16 |       |       ||   133
       Chain mail        |       |       |    82 |    85 |       ||   167
       Plate armour      |       |       |       |   107 |    95 ||   202
Dodge: Dodged            |    53 |   103 |   153 |   184 |    34 ||   527
Block: Buckler           |    25 |    30 |    44 |    89 |       ||   188
       Kite shield       |       |       |       |       |   195 ||   195

Table legend:
 A = Non-vault XP
 B = Vault XP
 C = Vault XP percentage of total XP
 D = Non-vault monster count
 E = Vault monster count
 F = Vault count percentage of total count
                 A         B        C        D         E       F
            +---------+---------+-------+---------+---------+-------
      Total |   38895 |    8704 |  18.3 |     264 |      36 |  12.0
            +---------+---------+-------+---------+---------+-------
        D:1 |      65 |       0 |   0.0 |      30 |       0 |   0.0
        D:2 |      99 |      35 |  26.1 |      29 |       1 |   3.3
        D:3 |      70 |      40 |  36.4 |      15 |       4 |  21.1
        D:4 |     130 |       0 |   0.0 |      14 |       0 |   0.0
        D:5 |     533 |     182 |  25.5 |      15 |       1 |   6.2
        D:6 |     379 |       0 |   0.0 |       6 |       0 |   0.0
        D:7 |     914 |       0 |   0.0 |      13 |       0 |   0.0
        D:8 |    2336 |    1309 |  35.9 |      33 |       6 |  15.4
     Lair:1 |     938 |    1533 |  62.0 |       4 |       9 |  69.2
     Lair:2 |    6097 |    1274 |  17.3 |      30 |       2 |   6.2
     Lair:3 |    8891 |    3177 |  26.3 |      28 |       9 |  24.3
     Lair:4 |    3560 |     808 |  18.5 |      10 |       1 |   9.1
     Lair:5 |   14883 |     346 |   2.3 |      37 |       3 |   7.5
            +---------+---------+-------+---------+---------+-------
